 Dungeon Crawl Stone Soup version 0.21.1-1-g345015fe64 (webtiles) character file.

3134 SWATDuck the Cleaver (level 9, -10/82 HPs)
             Began as a Deep Dwarf Fighter on July 25, 2018.
             Mangled by a death yak (18 damage)
             ... on level 10 of the Dungeon.
             The game lasted 00:17:19 (5522 turns).

SWATDuck the Cleaver (Deep Dwarf Fighter)           Turns: 5522, Time: 00:17:21

Health: -10/82     AC: 15    Str: 23    XL:     9   Next: 61%
Magic:  11/11      EV:  8    Int:  9    God:
Gold:   361        SH: 11    Dex: 12    Spells: 8/8 levels left

rFire    . . .     SeeInvis .   E - +2 war axe
rCold    + . .     Gourm    .   c - +0 shield
rNeg     . . .     Faith    .   p - +0 scale mail
rPois    .         Spirit   .   D - +1 helmet
rElec    .         Reflect  .   (no cloak)
rCorr    .         Harm     .   j - +0 pair of gloves
MR       +....                  (no boots)
Stlth    ..........             i - amulet of rage
HPRegen  0.00/turn              r - ring of protection from cold
MPRegen  0.12/turn              m - +4 ring of protection

@: non-regenerating
A: damage resistance, heal wounds, sense surroundings 2, no regeneration
a: Heal Wounds, Evoke Berserk Rage


You were on level 10 of the Dungeon.
You were hungry.

You visited 1 branch of the dungeon, and saw 8 of its levels.
You also visited: Ossuary.

You collected 361 gold pieces.

Inventory:

Hand Weapons
 E - a +2 war axe (weapon)
Armour
 c - a +0 shield (worn)
 j - a +0 pair of gloves (worn)
 p - a +0 scale mail (worn)
 D - a +1 helmet (worn)
Jewellery
 i - an amulet of rage (around neck)
 m - a +4 ring of protection (right hand)
 r - a ring of protection from cold (left hand)
 z - an uncursed ring of flight
Wands
 H - a wand of digging (8)
 K - a wand of scattershot (5)
 O - a wand of random effects (17)
Scrolls
 b - a scroll of blinking
 e - 9 scrolls of identify
 g - 4 scrolls of remove curse
 h - 4 scrolls of teleportation
 n - 2 scrolls of immolation {unknown}
 s - 2 scrolls of amnesia {unknown}
 w - a scroll of noise {unknown}
 y - 6 scrolls of fog {unknown}
 A - a scroll of magic mapping {unknown}
 B - 2 scrolls of enchant weapon {unknown}
 C - 2 scrolls of enchant armour {unknown}
 G - a scroll of fear {unknown}
Potions
 a - a potion of agility {unknown}
 d - a potion of might
 k - 2 potions of brilliance
 l - 2 potions of mutation {unknown}
 o - 2 potions of heal wounds
 q - a potion of invisibility {unknown}
 t - a potion of resistance {unknown}
 u - 6 potions of curing {unknown}
 v - a potion of flight {unknown}
 x - a potion of lignification {unknown}
 F - a potion of haste {unknown}
 I - a potion of magic {unknown}
 J - 2 potions of berserk rage {unknown}
 M - a potion of degeneration {unknown}
 N - a potion of ambrosia {unknown}
Comestibles
 f - 5 rations


   Skills:
 + Level 6.0 Fighting
 * Level 8.9 Axes
 + Level 7.1 Armour
 + Level 7.1 Shields
 + Level 5.5 Evocations


You had 8 spell levels left.
You didn't know any spells.

Dungeon Overview and Level Annotations

Branches:
Dungeon (10/15)              Lair (0/6) D:10
 Temple: D:4-7          Orc: D:9-12

Altars:
Elyvilon
Uskayaw
Yredelemnul


Innate Abilities, Weirdness & Mutations

You are resistant to damage.
You can heal yourself by infusing magical energy.
You passively map the area around you.
You do not regenerate.


Message History

You hit the death yak. x2; You hit the hound.
The hound barely misses you. The death yak gores you! The death yak gores you.
You block the death yak's attack.
Unknown command.
You slash the death yak!
The death yak is heavily wounded.
You hit the death yak but do no damage. You barely miss the death yak.
You hit the hound. The hound barely misses you. The death yak gores you!
The death yak gores you but does no damage.
You block the hound's attack. The death yak gores you!
* * * LOW HITPOINT WARNING * * *
The death yak gores you!
* * * LOW HITPOINT WARNING * * *
Your magical essence is drained by the effort!
You feel much better. The hound bites you but does no damage.
The yak snorts and paws the ground.
The death yak gores you!
* * * LOW HITPOINT WARNING * * *
The death yak gores you!!
You die...

..# , , * ..##........#
#..# * *, ..##........#
#..# # ..##........# #..#
* .# ..##........# #..# .#
* ..##........# #..# ..#
..##........###..####..# *
..##............YYYY.# ,,
..##...........h@YYY#
......###.......###Y...?.#
#.....# #..###..#
#.#...... * , #.###.# #..#
#..# #.#...#.> * #.# #.#
#..# #..# #.$,.... , #.#
#.# #..# #..# ##. .....,,
#.# #.# #..# #..# *.. ....
, #.# #.# #..# #..# ..
.... #. #.# #..# #..# ** ,
** *


You could see 3 death yaks, 5 yaks and a hound.

Vanquished Creatures
  Joseph (D:9)
  Eustachio (D:4)
  The ghost of Sephro the Poker, an amateur MfSk (D:3)
  2 hungry ghosts (D:5)
  Menkaure (D:6)
  Edmund (D:4)
  A water moccasin (D:9)
  A phantom (D:6)
  An ogre (D:6)
  A centaur (D:9)
  A big kobold (D:9)
  An elf zombie (Ossuary)
  2 bullfrogs
  A gnoll sergeant (D:6)
  A scorpion (D:5)
  4 wights (D:5)
  A howler monkey (D:6)
  A crimson imp (D:9)
  5 hounds
  A centaur zombie (D:5)
  5 orc wizards
  A centaur skeleton (D:4)
  3 orc priests
  Crazy Yiuf (D:4)
  A bullfrog skeleton (D:4)
  An iguana (D:4)
  4 worker ants
  A big kobold zombie (Ossuary)
  A hound zombie (D:9)
  A hound skeleton (D:6)
  3 mummies (Ossuary)
  A worker ant zombie (D:6)
  13 gnolls
  7 adders
  A shadow imp (D:9)
  2 oozes
  An adder skeleton (D:9)
  4 adder zombies
  5 worms
  6 dart slugs
  4 leopard geckos
  11 orcs
  8 bats
  8 giant cockroaches
  5 goblins
  8 hobgoblins
  13 jackals
  10 kobolds
  4 quokkas
  2 ball pythons
  4 frilled lizards
  3 goblin zombies (Ossuary)
  2 hobgoblin zombies (Ossuary)
  3 kobold zombies (Ossuary)
  2 quokka zombies (Ossuary)
  7 rats
  3 rat zombies (Ossuary)
188 creatures vanquished.

Notes
Turn   | Place    | Note
-------+----------+-------------------------------------------
     0 | D:1      | SWATDuck the Deep Dwarf Fighter began the quest for the Orb.
     0 | D:1      | Reached XP level 1. HP: 20/20 MP: 1/1
   105 | D:1      | Reached XP level 2. HP: 20/27 MP: 2/2
   524 | D:1      | Reached XP level 3. HP: 17/34 MP: 3/3
   764 | D:2      | Reached skill level 3 in Axes
   765 | D:2      | Reached XP level 4. HP: 34/42 MP: 4/4
  1528 | D:2      | Reached XP level 5. HP: 15/49 MP: 5/5
  2105 | D:3      | Reached skill level 4 in Axes
  2230 | D:3      | Noticed Sephro's ghost (amateur MfSk)
  2245 | D:3      | Killed Sephro's ghost
  2245 | D:3      | Reached XP level 6. HP: 51/57 MP: 6/6
  2338 | D:3      | Found a white marble altar of Elyvilon.
  2409 | D:3      | Found a basalt altar of Yredelemnul.
  2470 | D:3      | Found a hide-covered altar of Uskayaw.
  2608 | D:4      | Noticed Edmund
  2615 | D:4      | Killed Edmund
  2615 | D:4      | Reached skill level 5 in Axes
  2615 | D:4      | Reached skill level 5 in Shields
  2620 | D:4      | Reached skill level 5 in Armour
  2695 | D:4      | Reached XP level 7. HP: 57/64 MP: 7/7
  2719 | D:4      | Noticed Eustachio
  2766 | D:4      | Killed Eustachio
  3123 | D:4      | Found a runed door.
  3233 | D:4      | Reached skill level 1 in Evocations
  3238 | D:4      | Reached skill level 6 in Axes
  3328 | D:4      | Noticed Crazy Yiuf
  3332 | D:4      | Killed Crazy Yiuf
  3381 | D:5      | Entered Level 5 of the Dungeon
  3403 | D:5      | Noticed a hungry ghost
  3429 | D:5      | Killed a hungry ghost
  3429 | D:5      | Reached XP level 8. HP: 47/73 MP: 9/9
  3537 | D:5      | Reached skill level 5 in Fighting
  3567 | D:5      | Reached skill level 7 in Axes
  3776 | D:5      | Found a sand-covered staircase.
  3825 | Ossuary  | Entered an ossuary
  4523 | D:6      | Gained mutation: You passively map the area around you. [Deep Dwarf growth]
  4523 | D:6      | Reached XP level 9. HP: 65/81 MP: 12/12
  4679 | D:6      | Reached skill level 8 in Axes
  4823 | D:6      | Noticed Menkaure
  4829 | D:6      | Killed Menkaure
  4986 | D:6      | You fall through a shaft for 3 floors!
  5099 | D:9      | Reached skill level 5 in Evocations
  5126 | D:9      | Noticed Joseph
  5144 | D:9      | Killed Joseph
  5430 | D:10     | Entered Level 10 of the Dungeon
  5500 | D:10     | Noticed a death yak
  5501 | D:10     | Noticed a death yak
  5502 | D:10     | Noticed a death yak
  5504 | D:10     | Found a staircase to the Lair.
  5521 | D:10     | HP: 4/82 [death yak (12)]
  5522 | D:10     | Mangled by a death yak

Skill      XL: |  1  2  3  4  5  6  7  8  9 |
---------------+----------------------------+-----
Fighting       | 3 4 5 6 |  6.0
Axes           | 3 4 5 6 7 8 |  8.9
Armour         | 4 5 6 7 |  7.1
Shields        | 4 5 6 7 |  7.1
Evocations     | 1 4 5 |  5.5

Action                   |  1- 3 |  4- 6 |  7- 9 || total
-------------------------+-------+-------+-------++-------
Melee: War axe           |    76 |   195 |   498 ||   769
 Abil: Heal Wounds       |     1 |     4 |    14 ||    19
       Evoke Berserk Rag |       |     2 |     2 ||     4
  Use: Scroll            |       |     2 |     4 ||     6
  Eat: Chunk             |       |     8 |     8 ||    16
       Ration            |       |       |     4 ||     4
Armor: Scale mail        |    38 |    79 |   297 ||   414
       Ring mail         |       |    18 |       ||    18
Dodge: Dodged            |    15 |    65 |   173 ||   253
Block: Shield            |    36 |   106 |   316 ||   458
